 Dungeon Crawl Stone Soup version 0.14.1-24-gbdbe590 (webtiles) character file.

122 Psiweapon the Slasher (level 3, -3/28 HPs)
             Began as a Vampire Berserker on June 25, 2014.
             Was a Follower of Trog.
             Slain by Sigmund the steam dragon (4 damage)
             ... on Level 2 of the Dungeon.
             The game lasted 00:06:54 (1180 turns).

Psiweapon the Slasher (Vampire Berserker)           Turns: 1180, Time: 00:06:57

HP  -3/28        AC  2     Str 17      XL: 3   Next: 19%
MP   3/3         EV 18     Int  9      God: Trog [*.....]
Gold 86          SH  0     Dex 18      Spells:  0 memorised,  2 levels left

rFire  . . .     SeeInvis +     a - +0 falchion
rCold  . . .     Clarity  .     h - +0 animal skin
rNeg   + . .     Conserve .     (no shield)
rPois  .         rCorr    .     (no helmet)
rElec  .         rRot     .     (no cloak)
SustAb . .       Spirit   .     (no gloves)
rMut   .         Warding  .     (no boots)
Saprov . . .     Stasis   .     (no amulet)
MR     .....                    (no ring)
                                n - ring of wizardry

@: agile, not resistant to hostile enchantments, quite stealthy
A: fangs 3, see invisible, unbreathing
a: Bat Form, Burn Spellbooks, Berserk, Renounce Religion


You were on level 2 of the Dungeon.
You worshipped Trog.
Trog was aware of your devotion.
You were not thirsty.

You visited 1 branch of the dungeon, and saw 2 of its levels.

You collected 86 gold pieces.

Inventory:

Hand weapons
 a - a +0,+0 falchion (weapon)
 b - a +0,+0 dagger
 l - a +2,+1 spear of distortion
Missiles
 g - 6 poisoned needles
Armour
 h - a +0 animal skin (worn)
Magical devices
 r - a wand of polymorph (0)
Scrolls
 d - a scroll of amnesia {unknown}
 e - 4 scrolls of identify {unknown}
 f - 2 scrolls of teleportation {unknown}
 i - a scroll of fear {unknown}
 j - a scroll of noise {unknown}
 m - a scroll of recharging {unknown}
 o - a scroll of fog {unknown}
 p - a scroll of random uselessness {unknown}
 q - a scroll of magic mapping {unknown}
Jewellery
 n - a ring of wizardry (left hand)
Potions
 c - a potion of blood
 k - a potion of haste


   Skills:
 - Level 2.6 Fighting
 * Level 3.9 Long Blades
 - Level 1.5 Armour
 + Level 2.7 Dodging
 + Level 1.4 Stealth


You had 2 spell levels left.
You didn't know any spells.

Dungeon Overview and Level Annotations

Branches:
Dungeon (2/15)

Altars:

Annotations:
D:2 Sigmund


Innate Abilities, Weirdness & Mutations

You have razor-sharp teeth.*
You have supernaturally acute eyesight.
You can survive without breathing.*


Message History

The ball of steam hits you!
Ouch! That really hurt!
* * * LOW HITPOINT WARNING * * *
You are engulfed in a cloud of scalding steam.
Found an escape hatch in the floor.
Use which ability? (? or * to list)
Okay, then.
Drink which item? (? for menu, Esc to quit)
You feel agile all of a sudden.
It was a potion of agility.
You barely miss Sigmund. Sigmund breathes steam at you.
The ball of steam misses you.
You completely miss Sigmund. You bite Sigmund.
Sigmund is lightly wounded.
You are engulfed in a cloud of scalding steam.
* * * LOW HITPOINT WARNING * * *
Sigmund misses you. Sigmund completely misses you.
Sigmund completely misses you. Sigmund claws you.
You die...

##### ####.# ###....####
### .#... .....# #.#
..#... #.##.# #.#
#......##.##.# #.#.
...).<§..§..# #.#.
###....#.##..# ######.#.
#.....#D#.##..###......#.
#.......@.....#........#.
#......##§#............#.
..... ...#..##.##.###.#.
#... . .##..##.##.# #.#.
..# .........##.# #.#.
#.##..#####.# #.#. .>
#... ..# #.#. . ..#
#####.#. #..#.


You could see Sigmund the steam dragon.

Vanquished Creatures
  An adder (D:2)
  A giant cockroach (D:1)
  5 hobgoblins
  A kobold (D:1)
  3 bats
  4 giant newts
  8 goblins
  4 rats (D:1)
27 creatures vanquished.

Notes
Turn   | Place    | Note
--------------------------------------------------------------
     0 | D:1      | Psiweapon, the Vampire Berserker, began the quest for the Orb.
     0 | D:1      | Reached XP level 1. HP: 17/17 MP: 1/1
   245 | D:1      | Reached XP level 2. HP: 18/23 MP: 2/2
   278 | D:1      | Reached skill level 1 in Stealth
   872 | D:2      | Reached XP level 3. HP: 2/28 MP: 3/3
   872 | D:2      | HP: 1/28 [poisoned by an adder]
  1171 | D:2      | Noticed Sigmund
  1172 | D:2      | Noticed Sigmund
  1172 | D:2      | Sigmund changed into Sigmund the steam dragon
  1180 | D:2      | HP: 1/28 [Sigmund the steam dragon] (5)]
  1180 | D:2      | Slain by Sigmund the steam dragon

Action                   || total
-------------------------++-------
Melee: Falchion          ||    88
       Dagger            ||     3
Invok: Berserk           ||     1
Evoke: Wand              ||     1
  Use: Potion            ||     3
 Stab: Sleeping          ||     2
